BSA
SO CAL HENVY @ ORLANDO CALRISSIAN
07/20/2026
 
TOP OF THE 1ST
So Cal Henvy batting - Pitching for Orlando Calrissian : RHP José Castro
Pitching: RHP José Castro
Batting: SHB Miguel González 0-0: Ball
1-0: Swinging Strike
1-1: Foul Ball, location: 2F
1-2: Ball
2-2: Ball
3-2: SINGLE (Groundball, 6MD)
Batting: LHB John Peterson 0-0: Foul Ball, location: 2F
0-1: Ball
1-1: Grounds into double play, 4-6-3 (Groundball, 4)
Batting: RHB Earl Wiggins 0-0: Ball
1-0: Foul Ball, location: 2F
1-1: Swinging Strike
1-2: Foul Ball, location: 2F
1-2: Ball
2-2: SOLO HOME RUN (Flyball, 7D), Distance : 371 ft
Batting: RHB Rubén Calderón 0-0: Foul Ball, location: 2F
0-1: Ball
1-1: Called Strike
1-2: Ball
2-2: Ground out 1-3 (Groundball, 15S)
Top of the 1st over - 1 run(s), 2 hit(s), 0 error(s), 0 left on base; So Cal 1 - Orlando 0
BOTTOM OF THE 1ST
Orlando Calrissian batting - Pitching for So Cal Henvy : LHP Stanley Inman
Pitching: LHP Stanley Inman
Batting: RHB Kenny Cole 0-0: Ground out 1-3 (Groundball, 13S)
Batting: RHB Frederico Hernández 0-0: Called Strike
0-1: Fly out, F7 (Flyball, 7D)
Batting: RHB Rich Anderson 0-0: Ball
1-0: Ball
2-0: Ball
3-0: Base on Balls
Batting: RHB Raúl Canó 0-0: Foul Ball, location: 2F
0-1: Swinging Strike
0-2: Ball
1-2: Fielders Choice at 2nd, U6 (Groundball, 6M)
Bottom of the 1st over - 0 run(s), 0 hit(s), 0 error(s), 1 left on base; So Cal 1 - Orlando 0
TOP OF THE 2ND
So Cal Henvy batting - Pitching for Orlando Calrissian : RHP José Castro
Batting: SHB Ray Burgess 0-0: Ball
1-0: Ball
2-0: Swinging Strike
2-1: Foul Ball, location: 2F
2-2: Fly out, F8 (Line Drive, 8LM)
Batting: RHB Morgan Gibbon 0-0: Called Strike
0-1: Called Strike
0-2: Ball
1-2: Foul Ball, location: 2F
1-2: Ball
2-2: Reached on Error, E9 (Flyball, 9LM)
Batting: SHB Esteban Silva 0-0: Called Strike
0-1: Grounds into double play, 5-4-3 (Groundball, 56)
Top of the 2nd over - 0 run(s), 0 hit(s), 1 error(s), 0 left on base; So Cal 1 - Orlando 0
BOTTOM OF THE 2ND
Orlando Calrissian batting - Pitching for So Cal Henvy : LHP Stanley Inman
Batting: RHB Robby Lewis 0-0: Ball
1-0: Foul Ball, location: 2F
1-1: Called Strike
1-2: Ball
2-2: Strikes out swinging
Batting: LHB Juan Colón 0-0: Called Strike
0-1: Ball
1-1: DOUBLE (Groundball, 3L)
Batting: SHB Tim Abbott 0-0: Ball
1-0: Fly out, F5 (Popup, 5)
Batting: LHB Santiago Márquez 0-0: Foul Ball, location: 2F
0-1: Called Strike
0-2: Ball
1-2: Ball
2-2: Ground out 6-3 (Groundball, 6M)
Bottom of the 2nd over - 0 run(s), 1 hit(s), 0 error(s), 1 left on base; So Cal 1 - Orlando 0
TOP OF THE 3RD
So Cal Henvy batting - Pitching for Orlando Calrissian : RHP José Castro
Batting: RHB Greg Handrahan 0-0: Ground out 5-3 (Groundball, 5S)
Batting: RHB Gregg Nelson 0-0: Ball
1-0: Foul Ball, location: 2F
1-1: Ball
2-1: Foul Ball, location: 2F
2-2: Ball
3-2: Fly out, F9 (Flyball, 9D)
Batting: SHB Miguel González 0-0: Ball
1-0: Ball
2-0: Ball
3-0: Base on Balls
Batting: LHB John Peterson 0-0: Ball
1-0: Called Strike
1-1: Fly out, F8 (Flyball, 8LXD)
Top of the 3rd over - 0 run(s), 0 hit(s), 0 error(s), 1 left on base; So Cal 1 - Orlando 0
BOTTOM OF THE 3RD
Orlando Calrissian batting - Pitching for So Cal Henvy : LHP Stanley Inman
Batting: RHB Enrique Ramírez 0-0: Swinging Strike
0-1: Called Strike
0-2: Ball
1-2: Ball
2-2: Ground out 6-3 (Groundball, 6)
Batting: RHB Kenny Cole 0-0: Ball
1-0: Ground out 4-3 (Groundball, 4)
Batting: RHB Frederico Hernández 0-0: Called Strike
0-1: Ground out 5-3 (Groundball, 5S)
Bottom of the 3rd over - 0 run(s), 0 hit(s), 0 error(s), 0 left on base; So Cal 1 - Orlando 0
TOP OF THE 4TH
So Cal Henvy batting - Pitching for Orlando Calrissian : RHP José Castro
Batting: RHB Earl Wiggins 0-0: Ground out 5-3 (Groundball, 5L)
Batting: RHB Rubén Calderón 0-0: Ball
1-0: Ball
2-0: Ball
3-0: Called Strike
3-1: Base on Balls
Batting: SHB Ray Burgess 0-0: Called Strike
0-1: Foul Ball, location: 2F
0-2: Foul Ball, location: 2F
0-2: Ball
1-2: Foul Ball, location: 2F
1-2: Fly out, F2 (Popup, 2L)
Batting: RHB Morgan Gibbon 0-0: Called Strike
0-1: Called Strike
0-2: Ground out 4-3 (Groundball, 4)
Top of the 4th over - 0 run(s), 0 hit(s), 0 error(s), 1 left on base; So Cal 1 - Orlando 0
BOTTOM OF THE 4TH
Orlando Calrissian batting - Pitching for So Cal Henvy : LHP Stanley Inman
Batting: RHB Rich Anderson 0-0: Called Strike
0-1: Foul Ball, location: 2F
0-2: DOUBLE (Flyball, 89D)
Batting: RHB Raúl Canó 0-0: Ball
1-0: Ball
2-0: Swinging Strike
2-1: Ground out 4-3 (Groundball, 4)
Rich Anderson to third
Batting: RHB Robby Lewis 0-0: Ground out 5-3 (Groundball, 5L)
Batting: LHB Juan Colón 0-0: Fly out, F8 (Flyball, 8RD)
Bottom of the 4th over - 0 run(s), 1 hit(s), 0 error(s), 1 left on base; So Cal 1 - Orlando 0
TOP OF THE 5TH
So Cal Henvy batting - Pitching for Orlando Calrissian : RHP José Castro
Batting: SHB Esteban Silva 0-0: Ball
1-0: Ball
2-0: Swinging Strike
2-1: SINGLE (Groundball, 13) (infield hit)
Batting: RHB Greg Handrahan 0-0: Foul Ball, location: 2F
0-1: Ball
1-1: Ball
2-1: Grounds into double play, 5-4-3 (Groundball, 5L)
Batting: RHB Gregg Nelson 0-0: Ball
1-0: Swinging Strike
1-1: TRIPLE (Groundball, 3L)
Batting: SHB Miguel González 0-0: Ball
1-0: Ball
2-0: Ball
3-0: Called Strike
3-1: Base on Balls
Batting: LHB John Peterson 0-0: Ball
1-0: Ball
2-0: Called Strike
2-1: Ball
3-1: Called Strike
3-2: Foul Ball, location: 2F
3-2: Ground out 3-1 (Groundball, 34S)
Top of the 5th over - 0 run(s), 2 hit(s), 0 error(s), 2 left on base; So Cal 1 - Orlando 0
BOTTOM OF THE 5TH
Orlando Calrissian batting - Pitching for So Cal Henvy : LHP Stanley Inman
Batting: SHB Tim Abbott 0-0: SINGLE (Groundball, 34S)
Batting: LHB Santiago Márquez 0-0: Ball
1-0: Swinging Strike
1-1: Ball
2-1: Fly out, F7 (Flyball, 78S)
Batting: RHB Enrique Ramírez 0-0: SINGLE (Line Drive, 9LS)
Tim Abbott to second
Batting: RHB Kenny Cole 0-0: Ball
1-0: DOUBLE (Line Drive, 7LD)
Tim Abbott scores
Enrique Ramírez to third
Batting: RHB Frederico Hernández 0-0: Fly out, F3 (Popup, 3SF)
Batting: RHB Rich Anderson 0-0: Fly out, F3 (Popup, 3)
Bottom of the 5th over - 1 run(s), 3 hit(s), 0 error(s), 2 left on base; So Cal 1 - Orlando 1
TOP OF THE 6TH
So Cal Henvy batting - Pitching for Orlando Calrissian : RHP José Castro
Batting: RHB Earl Wiggins 0-0: Ball
1-0: Called Strike
1-1: Fly out, F9 (Line Drive, 9S)
Batting: RHB Rubén Calderón 0-0: Ground out 5-3 (Groundball, 56)
Batting: SHB Ray Burgess 0-0: Ball
1-0: Ball
2-0: Swinging Strike
2-1: Ball
3-1: Base on Balls
Batting: RHB Morgan Gibbon 0-0: Called Strike
0-1: Ball
1-1: Swinging Strike
1-2: Foul Ball, location: 2F
1-2: Ground out 6-3 (Groundball, 5)
Top of the 6th over - 0 run(s), 0 hit(s), 0 error(s), 1 left on base; So Cal 1 - Orlando 1
BOTTOM OF THE 6TH
Orlando Calrissian batting - Pitching for So Cal Henvy : LHP Stanley Inman
Batting: RHB Raúl Canó 0-0: Ball
1-0: Called Strike
1-1: Called Strike
1-2: Foul Ball, location: 2F
1-2: Foul Ball, location: 2F
1-2: Ground out 2-3 (Groundball, 2L)
Batting: RHB Robby Lewis 0-0: Called Strike
0-1: Foul Ball, location: 2F
0-2: Foul Ball, location: 2F
0-2: Foul Ball, location: 2F
0-2: Fly out, F7 (Flyball, 7LD)
Batting: LHB Juan Colón 0-0: Ball
1-0: Foul Ball, location: 2F
1-1: Ground out U3 (Groundball, 3)
Bottom of the 6th over - 0 run(s), 0 hit(s), 0 error(s), 0 left on base; So Cal 1 - Orlando 1
TOP OF THE 7TH
So Cal Henvy batting - Pitching for Orlando Calrissian : RHP José Castro
Pitching: RHP Dave Heath
Batting: SHB Esteban Silva 0-0: Ball
1-0: Foul Ball, location: 2F
1-1: Ball
2-1: Ball
3-1: Base on Balls
Batting: RHB Greg Handrahan 0-0: Ball
1-0: Sac Bunt - play at first, batter OUT! U3
Esteban Silva to second
Pinch Hitting: LHB Al Mills 0-0: Ball
1-0: Ball
2-0: Ball
3-0: Base on Balls
Batting: SHB Miguel González 0-0: Grounds out, U3 (Groundball, 3L)
Esteban Silva to third
Pitching: LHP Richard Dorris
Batting: LHB John Peterson 0-0: Foul Ball, location: 2F
0-1: Ball
1-1: Ball
2-1: Ball
3-1: Foul Ball, location: 2F
3-2: Fly out, F4 (Popup, 4D)
Top of the 7th over - 0 run(s), 0 hit(s), 0 error(s), 2 left on base; So Cal 1 - Orlando 1
BOTTOM OF THE 7TH
Orlando Calrissian batting - Pitching for So Cal Henvy : LHP Stanley Inman
Now at 2B: Al Mills
Batting: SHB Tim Abbott 0-0: Called Strike
0-1: Swinging Strike
0-2: Strikes out swinging
Batting: LHB Santiago Márquez 0-0: Called Strike
0-1: Foul Ball, location: 2F
0-2: Foul Ball, location: 2F
0-2: Ground out U3 (Groundball, 3S)
Batting: RHB Enrique Ramírez 0-0: Ball
1-0: Swinging Strike
1-1: Foul Ball, location: 2F
1-2: Foul Ball, location: 2F
1-2: Ball
2-2: Ball
3-2: SINGLE (Line Drive, 4MD)
Batting: RHB Kenny Cole 0-0: Ground out 5-3 (Groundball, 5S)
Bottom of the 7th over - 0 run(s), 1 hit(s), 0 error(s), 1 left on base; So Cal 1 - Orlando 1
TOP OF THE 8TH
So Cal Henvy batting - Pitching for Orlando Calrissian : LHP Richard Dorris
Pitching: RHP Bernardo Hernández
Batting: RHB Earl Wiggins 0-0: Foul Ball, location: 2F
0-1: Ball
1-1: Ground out 6-3 (Groundball, 56)
Batting: RHB Rubén Calderón 0-0: Fly out, F2 (Popup, 2LF)
Batting: SHB Ray Burgess 0-0: Foul Ball, location: 2F
0-1: Ground out 3-1 (Groundball, 34S)
Top of the 8th over - 0 run(s), 0 hit(s), 0 error(s), 0 left on base; So Cal 1 - Orlando 1
BOTTOM OF THE 8TH
Orlando Calrissian batting - Pitching for So Cal Henvy : LHP Stanley Inman
Batting: RHB Frederico Hernández 0-0: Ball
1-0: Ball
2-0: Called Strike
2-1: Foul Ball, location: 2F
2-2: Fly out, F8 (Flyball, 8RD)
Batting: RHB Rich Anderson 0-0: Ball
1-0: Ball
2-0: Ball
3-0: SOLO HOME RUN (Flyball, 7D), Distance : 388 ft
Batting: RHB Raúl Canó 0-0: Called Strike
0-1: Ground out 1-3 (Groundball, 2R)
Batting: RHB Robby Lewis 0-0: Foul Ball, location: 2F
0-1: Called Strike
0-2: Ball
1-2: Ball
2-2: DOUBLE (Line Drive, 9LS)
Batting: LHB Juan Colón 0-0: Ball
Passed Ball!
Robby Lewis to third
1-0: Ball
2-0: Foul Ball, location: 2F
2-1: Ball
3-1: Base on Balls
Batting: SHB Tim Abbott 0-0: DOUBLE (Line Drive, 9LS)
Robby Lewis scores
Juan Colón to third
Runner from 3rd tries for Home, SAFE, no throw or cutoff
Batting: LHB Santiago Márquez 0-0: Swinging Strike
0-1: Foul Ball, location: 2F
0-2: Ball
1-2: Fly out, F9 (Flyball, 89D)
Bottom of the 8th over - 3 run(s), 3 hit(s), 0 error(s), 1 left on base; So Cal 1 - Orlando 4
TOP OF THE 9TH
So Cal Henvy batting - Pitching for Orlando Calrissian : RHP Bernardo Hernández
Pitching: LHP José Ramírez
Batting: RHB Morgan Gibbon 0-0: Ball
1-0: Foul Ball, location: 2F
1-1: Fly out, F8 (Flyball, 8LD)
Batting: SHB Esteban Silva 0-0: Ball
1-0: Foul Ball, location: 2F
1-1: Swinging Strike
1-2: Ground out 5-3 (Groundball, 56)
Batting: RHB Greg Handrahan 0-0: Called Strike
0-1: Called Strike
0-2: Strikes out looking
Top of the 9th over - 0 run(s), 0 hit(s), 0 error(s), 0 left on base; So Cal 1 - Orlando 4
Monday, December 5th, 2016 - OOTP Baseball 17.12 Build 75